 Dungeon Crawl Stone Soup version 0.30-a0-304-gdc4b735fe1 (console) character file.

Game seed: 2770005785910087980

280309 trauermantel the Warrior (level 20, -6/134 (137) HPs)
             Began as a Gargoyle Fighter on Oct 19, 2022.
             Was the Champion of Okawaru.
             Killed from afar by a deep elf annihilator (8 damage)
             ... with a bolt of lightning
             ... on level 3 of the Elven Halls on Oct 20, 2022.
             The game lasted 02:42:35 (50645 turns).

trauermantel the Warrior (Gargoyle Fighter)        Turns: 50645, Time: 02:42:36

HP:   -6/134 (137)  AC: 48    Str: 27    XL:     20   Next: 47%
MP:   28/28         EV: 10    Int: 19    God:    Okawaru [******]
Gold: 3605          SH: 12    Dex:  9    Spells: 19/19 levels left

rFire   + + .      SeeInvis .    Y - +6 demon whip (elec)
rCold   + + .      Faith    .    D - +0 kite shield {reflect}
rNeg    + . .      Spirit   .    s - +8 plate armour of the Chupacabra {Stlth+}
rPois   ∞          Reflect  +    k - +1 helmet "Dinouc" {Contam +Inv Will+ Int+8}
rElec   +          Harm     .    w - scarf {rC+ rF+}
rCorr   .          Rampage  .    Z - +0 pair of gloves {rF+}
Will    +++..                    I - +2 pair of boots
Stlth   ..........               l - amulet of regeneration
HPRegen 1.22/turn                W - ring of willpower
MPRegen 0.21/turn                C - ring of protection from cold

@: about to teleport, flying, lightly drained
A: sickness immunity, AC +15, big wings, negative energy resistance 1,
electricity resistance, torment resistance 1, petrification resistance, hooves
1, screaming 1
}: 2/15 runes: decaying, gossamer
a: Renounce Religion, Evoke Invisibility, Heroism, Finesse, Duel


You were on level 3 of the Elven Halls.
You worshipped Okawaru.
Okawaru was exalted by your worship.
You visited 9 branches of the dungeon, and saw 38 of its levels.

You collected 4205 gold pieces.
You spent 600 gold pieces at shops.


Innate Abilities, Weirdness & Mutations

You are immune to sickness and miasma.
Your stone body is resilient. (AC +15)
You are immune to poison.
Your large and strong wings let you fly.
You resist negative energy. (rN+)
You are resistant to electric shocks. (rElec)
You are resistant to unholy torment.
You are immune to petrification.
You have large cloven feet.
You occasionally shout uncontrollably at your foes.


   Skills:
 * Level 18.5 Fighting
 - Level 17.7 Maces & Flails
 * Level 15.4 Armour
 - Level 12.0 Dodging
 + Level 16.0 Shields
 + Level 11.4 Invocations
 - Level 9.0 Evocations


You had 19 spell levels left.
You didn't know any spells.
Your spell library contained the following spells:

 Spells                   Type           Power      Damage    Failure   Level
 Foxfire                  Conj/Fire      0%         2x1d4     91%         1
 Slow                     Hex            0%         N/A       91%         1
 Sting                    Tmut/Pois      0%         1d3       91%         1
 Ensorcelled Hibernation  Hex/Ice        0%         N/A       97%         2
 Wereblood                Tmut           0%         N/A       97%         2
 Confusing Touch          Hex            0%         N/A       100%        3
 Dazzling Flash           Conj/Hex       0%         N/A       100%        3
 Frozen Ramparts          Ice            0%         1d1       100%        3
 Ignite Poison            Fire/Tmut/Pois 0%         N/A       100%        3
 Spider Form              Tmut/Pois      0%         N/A       100%        3
 Vampiric Draining        Necr           0%         2d6       100%        3
 Airstrike                Air            0%         2d(0-16)  100%        4
 Anguish                  Hex/Necr       0%         N/A       100%        4
 Ice Form                 Ice/Tmut       0%         N/A       100%        4
 Passage of Golubria      Tloc           0%         N/A       100%        4
 Petrify                  Tmut/Erth      0%         N/A       100%        4
 Agony                    Necr           0%         N/A       100%        5
 Alistair's Intoxication  Tmut/Pois      0%         N/A       100%        5
 Borgnjor's Vile Clutch   Necr/Erth      0%         N/A       100%        5
 Lightning Bolt           Conj/Air       0%         1d11      100%        5
 Metabolic Englaciation   Hex/Ice        0%         N/A       100%        5
 Silence                  Hex/Air        0%         N/A       100%        5
 Yara's Violent Unravell  Hex/Tmut       0%         3d3       100%        5
 Eringya's Noxious Bog    Tmut/Pois      0%         N/A       100%        6
 Lehudib's Crystal Spear  Conj/Erth      0%         10d2      100%        8
 Fire Storm               Conj/Fire      0%         5d1       100%        9
 Sublimation of Blood     Necr           Unusable   N/A       N/A         2
 Tukima's Dance           Hex            Unusable   N/A       N/A         3
 Summon Ice Beast         Ice/Summ       Unusable   N/A       N/A         4
 Summon Lightning Spire   Summ/Air       Unusable   N/A       N/A         4
 Summon Forest            Summ/Tloc      Unusable   N/A       N/A         5
 Statue Form              Tmut/Erth      Unusable   N/A       N/A         6
 Summon Hydra             Summ           Unusable   N/A       N/A         7

Inventory:

Hand Weapons
 y - the +6 quick blade of Plog {venom, rF+ Int+4 Dex-5}
   (Okawaru gifted it to you on level 1 of the Depths)

   It poisons the flesh of those it strikes.
   Int:       It affects your intelligence (+4).
   Dex:       It affects your dexterity (-5).
   rF:        It protects you from fire.
 L - a +3 flail of holy wrath
 Y - a +6 demon whip of electrocution (weapon)
Armour
 k - the +1 helmet "Dinouc" (worn) {Contam +Inv Will+ Int+8}
   (Okawaru gifted it to you on level 12 of the Dungeon)

   Int:       It affects your intelligence (+8).
   +Inv:      It lets you turn invisible.
   Contam:    It causes magical contamination when unequipped.
   Will:      It increases your willpower.
 s - the +8 plate armour of the Chupacabra (worn) {Stlth+}
   (Okawaru gifted it to you on level 4 of the Swamp)

   Stlth:     It makes you more stealthy.
 w - a scarf of resistance (worn)
 D - a +0 kite shield of reflection (worn)
 E - the +0 pair of boots "Huewy" {rElec rC++ Will- Stlth+}
   (Okawaru gifted it to you on level 2 of the Orcish Mines)

   rC:        It greatly protects you from cold.
   rElec:     It insulates you from electricity.
   Will:      It decreases your willpower.
   Stlth:     It makes you more stealthy.
 I - a +2 pair of boots (worn)
 K - the +0 pair of gloves of the Fiend {rC+++ Int-5}
   (Okawaru gifted it to you on level 1 of the Spider Nest)

   Int:       It affects your intelligence (-5).
   rC:        It renders you almost immune to cold.
 M - a +2 kite shield of fire resistance
 O - the +3 helmet of Deagiukh {-Tele rF+ rC+ Will++}
   (Okawaru gifted it to you on level 3 of the Spider Nest)

   rF:        It protects you from fire.
   rC:        It protects you from cold.
   -Tele:     It prevents most forms of teleportation.
   Will:      It greatly increases your willpower.
 V - the +6 scale mail of a sewer {+Inv rF+ Dex-3 Stlth+}
   (Okawaru gifted it to you on level 4 of the Lair of Beasts)

   Dex:       It affects your dexterity (-3).
   rF:        It protects you from fire.
   +Inv:      It lets you turn invisible.
   Stlth:     It makes you more stealthy.
 Z - a +0 pair of gloves of fire resistance (worn)
Jewellery
 f - a ring of protection from fire
 l - an amulet of regeneration (around neck)
 o - the ring of Sovereignty {rCorr Int+6 Stlth+}
   (You took it off a deep elf high priest on level 3 of the Elven Halls)

   [ring of intelligence]

   Int:       It affects your intelligence (+6).
   rCorr:     It protects you from acid and corrosion.
   Stlth:     It makes you more stealthy.
 C - a ring of protection from cold (right hand)
 J - an amulet of reflection
 N - a ring of positive energy
 Q - the ring "Hathugoopt" {+Blink rC+ rN+ Str-2}
   (You found it on level 3 of the Lair of Beasts)

   [ring of positive energy]

   Str:       It affects your strength (-2).
   rC:        It protects you from cold.
   rN:        It protects you from negative energy.
   +Blink:    It lets you blink.
 S - a +6 ring of strength
 W - a ring of willpower (left hand)
Wands
 j - a wand of paralysis (22)
 t - a wand of digging (15)
 x - a wand of polymorph (14)
 A - a wand of mindburst (45)
 B - a wand of roots (29)
 G - a wand of flame (61) (quivered)
Scrolls
 a - a scroll of immolation
 b - 9 scrolls of butterflies
 h - 3 scrolls of enchant armour
 r - 6 scrolls of poison
 F - 4 scrolls of teleportation {@r2}
 P - 3 scrolls of magic mapping
 R - 17 scrolls of identify {@r1}
 X - 3 scrolls of brand weapon
Potions
 c - 13 potions of curing {@q1}
 d - 8 potions of might
 e - 7 potions of heal wounds {@q2}
 g - 6 potions of berserk rage {!q}
 i - 4 potions of lignification
 m - 7 potions of ambrosia
 n - 6 potions of cancellation
 p - 6 potions of haste {@q3}
 u - 6 potions of attraction
 v - 9 potions of mutation
 z - 5 potions of brilliance
 H - a potion of resistance
 T - 3 potions of magic
Miscellaneous
 q - a phial of floods
 U - a condenser vane

Dungeon Overview and Level Annotations

Branches:
Dungeon (15/15)            Temple (1/1) D:6            Lair (5/5) D:10
  Swamp (4/4) Lair:2       Spider (4/4) Lair:3        Slime (0/5) Lair:5
    Orc (2/2) D:11            Elf (3/3) Orc:2        Vaults (2/5) D:14
 Depths (2/4) D:15
  Crypt: Vaults:2-3

Altars:
Ashenzari
Cheibriados
Dithmenos
Elyvilon
Fedhas
Gozag
Hepliaklqana
Kikubaaqudgha
Makhleb
Nemelex Xobeh
Okawaru
Qazlal
Ru
Sif Muna
Trog
Uskayaw
Vehumet
Wu Jian
Xom
Yredelemnul
Zin
The Shining One

Shops:
D:5 *   D:10 *   D:11 [   D:14 (   Orc:2 !!*?   Elf:3 **   Depths:1 *

Portals:
Hell: Depths:2
Pandemonium: Depths:1 Depths:2
Ziggurat: Depths:1
Trove: D:15 (give +2 storm dragon scales)

Annotations:
D:8 4 transporters
Lair:4 exclusion: oklob plant
Elf:2 3 runed translucent doors
Elf:3 Roxanne
Vaults:1 2 transporters, exclusion: obsidian statue
Depths:1 exclusion: 2 doors

........#...#...#
........#)..#...#
###'#####)......#
....(...........#
.)..............#
|[).............#
....'...........##
...).........)...##
.............)....##
.............e.e...#
.######..#......@..#
.# #..#..▒..▒...# .#
##▒▒▒.▒..▒.▒▒▒ .#
▒▒▒..▒▒▒ .# ▒..▒ .#
▒..▒ .# ...e. .#
▒▒...e.. .#
..▒........ .#
............ .#
▒............


You could see a deep elf master archer and a deep elf annihilator.


Message History

a staff of conjuration {!a}; a +0 leather armour; a ring of positive energy You whack the deep elf annihilator!
The deep elf annihilator is lightly wounded.
You block the deep elf annihilator's attack.
The deep elf master archer shoots an arrow.
You reflect the arrow off your +0 kite shield of reflection!
The arrow closely misses the deep elf master archer.
You whack the deep elf annihilator!
Lightning courses through the deep elf annihilator!
The deep elf annihilator is heavily wounded.
The deep elf master archer shoots an arrow.
The arrow hits you!!
* * * LOW HITPOINT WARNING * * *
You whack the deep elf annihilator!
The deep elf annihilator is severely wounded.
The deep elf annihilator points at you and mumbles some strange words.
The bolt of lightning hits you! You resist.
* * * LOW HITPOINT WARNING * * *
The deep elf master archer shoots an arrow.
The arrow hits you!
* * * LOW HITPOINT WARNING * * *
x2
Okay, then.
As you read the scroll of teleportation {@r2}, it crumbles to dust.
You feel strangely unstable.
The deep elf master archer shoots an arrow.
The arrow hits you!!
* * * LOW HITPOINT WARNING * * *
x2 The deep elf annihilator points at you and mumbles some strange words.
The bolt of lightning hits you! You resist.
You die...

Skill      XL: |  1  2  3  4  5  6  7  8  9 10 11 12 13 14 15 16 17 18 19 20 |
---------------+-------------------------------------------------------------+-----
Maces & Flails | 3 4 5 6 7 9 11 12 14 15 16 17 | 17.7
Invocations    | 2 3 4 5 7 9 10 11 | 11.4
Fighting       | 4 6 10 11 13 14 15 16 17 18 | 18.5
Shields        | 4 7 10 12 14 15 16 | 16.0
Armour         | 7 9 10 11 13 14 15 | 15.4
Dodging        | 2 3 7 9 10 11 12 | 12.0
Evocations     | 3 5 6 7 9 |  9.0

Action                   |  1- 3 |  4- 6 |  7- 9 | 10-12 | 13-15 | 16-18 | 19-21 || total
-------------------------+-------+-------+-------+-------+-------+-------+-------++-------
Melee: Flail             |    67 |   134 |   448 |   628 |  2295 |  1993 |       ||  5565
       Morningstar       |       |       |       |       |       |   423 |       ||   423
       Demon whip        |       |       |       |       |       |   230 |  1414 ||  1644
Throw: Dart              |       |       |       |       |    14 |       |       ||    14
Invok: Heroism           |       |       |     2 |     7 |    11 |    15 |     6 ||    41
       Finesse           |       |       |       |     1 |       |     3 |     2 ||     6
Evoke: Wand              |       |       |       |       |    10 |     7 |     5 ||    22
  Use: Scroll            |       |       |    11 |    14 |     8 |    24 |     6 ||    63
       Potion            |       |       |     1 |     2 |     3 |     4 |     1 ||    11
 Stab: Invisible         |       |       |     1 |       |       |       |       ||     1
       Paralysed         |       |       |       |       |    11 |    11 |       ||    22
Armor: Scale mail        |    38 |   112 |   135 |       |  1291 |   949 |       ||  2525
       Plate armour      |       |       |   193 |   416 |   392 |   963 |   747 ||  2711
Dodge: Dodged            |    31 |    89 |   182 |   139 |  1077 |  1054 |   343 ||  2915
Block: Buckler           |    18 |    46 |    99 |   140 |   501 |       |       ||   804
       Kite shield       |       |       |       |       |   450 |  2064 |   751 ||  3265
       Reflection        |       |       |       |       |       |       |    18 ||    18

Levels and vault maps discovered:
D:1:      dpeg_arrival_castle, layout_loops_corners, minmay_misc_feat_rows
D:2:      layout_basic, uniq_sigmund, uniq_jessica
D:3:      layout_loops_corners, mainiacjoe_overflow_big_doors,
          shapermc_ecumenical_altar_gd
D:4:      minmay_skewed_foursquare, layout_cave_pools, goddamned_bats
D:5:      layout_rooms, mainiacjoe_overflow_boulevard, serial_shops,
          nicolae_shop_overgrown_old_shop, nicolae_underground_beach,
          uniq_grinder
D:6:      layout_basic, grunt_temple_overflow_champion_of_chaos,
          dancing_weapons_uskayaw, mainiacjoe_overflow_brackets,
          minmay_temple_entry_fiery, uniq_crazy_yiuf_cottage, uniq_duvessa
D:7:      layout_basic, nicolae_overflow_hidden_temple
D:8:      layout_basic, mainiacjoe_overflow_alcove_1,
          mainiacjoe_overflow_catwalk, mainiacjoe_overflow_catch_the_wave,
          nicolae_diode_quadrants, uniq_grum
D:9:      layout_rooms
D:10:     layout_irregular_city, lemuel_doored_altar, zin_purify,
          mainiacjoe_overflow_24_doors, hellmonk_lair_entry_icy, uniq_nergalle
D:11:     layout_basic, david_orc_5, serial_rivers,
          chequers_serial_rivers_room_b, chequers_serial_rivers_room_b,
          chequers_serial_rivers_small_b, chequers_serial_rivers_small_3,
          serial_shops, nicolae_lakefront_shop, nzn_wu_jian_contemplation
D:12:     layout_small_grid
D:13:     layout_loops_corners, kennysheep_small_spiral
D:14:     layout_basic, david_vaults_1, serial_shops, nicolae_shop_stone,
          solitary_fountain, fountainhead
D:15:     grunt_enter_depths_hoard, layout_loops_ring, enter_trove_2,
          serial_glass, glass_columns_c, glass_columns_c,
          grunt_decor_resistance, minmay_hedge_maze
Temple:   nicolae_temple_great_sept
Lair:1:   layout_regular_city, basic_altar
Lair:2:   layout_regular_city, minmay_swamp_entry_worms, basic_altar,
          grunt_megastairs_2, serial_bayou_shore_b
Lair:3:   layout_cellular_growth, dummy_spider_entry, minmay_holes,
          infiniplex_staircase_pool, serial_bayou_shore_a
Lair:4:   layout_regular_city, hangedman_tree_tricks, guppyfry_lair_drakes
Lair:5:   hangedman_lair_caniforms_friends, layout_hall_layers, wormcave,
          slime_entry_1
Swamp:1:  layout_basic_swamp, evilmike_swamp_ruin_rubble_2,
          nicolae_swamp_hydra_murder_den, infiniplex_staircase_pool_2
Swamp:2:  layout_basic_swamp, nicolae_swamp_dense_foliage
Swamp:3:  layout_basic_swamp, evilmike_swamp_ruin_house_2
Swamp:4:  swamp_basic_johnstein, layout_basic_swamp, swamp_pool3
Spider:1: layout_spider_delve
Spider:2: layout_spider_delve, hellmonk_deceptive_appearances
Spider:3: layout_spider_delve, uniq_arachne
Spider:4: guppyfry_spider_rune, nicolae_spider_swamp_cousins
Orc:1:    layout_caves, minmay_orc_temple_a
Orc:2:    st_orc_mages, layout_caves, uniq_erolcha
Elf:1:    eino_elf_arrival_the_gate, layout_loops_corners, basic_altar,
          uniq_azrael, uniq_donald, uniq_asterion
Elf:2:    elven_hall_of_blades_hangedman_original
          [infiniplex_blade_entry_pillars], layout_geoelf_octagon,
          glass_columns_b
Elf:3:    minmay_elf_hall_x, layout_onion_city, serial_shops,
          nicolae_shop_behind_doors, nicolae_shop_sticking_my_neck_out,
          grunt_megastairs_1, uniq_roxanne
Vaults:1: ontoclasm_vaults_idyll, vaults_room_ringed_pool,
          grunt_vaults_trifunnel, gammafunk_sealed_arena,
          hangedman_vaults_snaps, nicolae_vaults_network_square,
          layout_vaults_quadrants, uniq_aizul
Vaults:2: nicolae_vaults_ring_of_whatevers, hangedman_vaults_restitches,
          v_alt_pattern_1, hangedman_vaults_impose,
          vaults_standard_mumra_enter_the_diamond, v_misc_23,
          nicolae_vaults_big_ls, vaults_room_mumra_shop_pool,
          vaults_dpeg_encased_lava, v_misc_3, v_misc_12, layout_vaults_big_room
Depths:1: layout_honeycomb, enter_ziggurat_b, hellmouth_2,
          rand_demon_pan_entry_8, nrook_pool_corridor, st_stairs_3,
          nicolae_shop_fire_sale [nicolae_sub_dead_trees], serial_bayou_pond_b,
          nicolae_gozag_seed_capital
Depths:2: kennysheep_bubbly, layout_cave_pools, hell_entry, pan_entry,
          serial_sigils_hangedman_stare

Notes
Turn   | Place    | Note
-------+----------+-------------------------------------------
     0 | D:1      | trauermantel the Gargoyle Fighter began the quest for the
                  | Orb.
     0 | D:1      | Reached XP level 1. HP: 14/14 MP: 1/1
   287 | D:1      | Reached XP level 2. HP: 19/19 MP: 2/2
   397 | D:1      | Reached skill level 3 in Maces & Flails
   963 | D:2      | Reached XP level 3. HP: 23/23 MP: 3/3
  1007 | D:2      | Noticed Sigmund
  1075 | D:2      | Noticed Jessica
  1080 | D:2      | Killed Jessica
  1081 | D:2      | Reached skill level 4 in Maces & Flails
  1081 | D:2      | Reached XP level 4. HP: 26/28 MP: 4/4
  1510 | D:3      | Found an opulent altar of Gozag.
  2078 | D:3      | Found a faded altar of an unknown god.
  2272 | D:3      | Found a snail-covered altar of Cheibriados.
  2504 | D:4      | Reached skill level 5 in Maces & Flails
  2504 | D:4      | Reached XP level 5. HP: 32/32 MP: 5/5
  2519 | D:4      | Noticed a black bear
  2534 | D:4      | Killed a black bear
  2535 | D:4      | Reached skill level 6 in Maces & Flails
  2535 | D:4      | Reached XP level 6. HP: 6/37 MP: 6/6
  2913 | D:4      | Noticed a black bear
  2924 | D:4      | Killed a black bear
  2925 | D:4      | Reached skill level 7 in Maces & Flails
  2925 | D:4      | Reached XP level 7. HP: 30/41 MP: 7/7
  3207 | D:4      | Reached skill level 8 in Maces & Flails
  3494 | D:5      | Entered Level 5 of the Dungeon
  3521 | D:5      | Reached skill level 9 in Maces & Flails
  3521 | D:5      | Reached XP level 8. HP: 31/46 MP: 8/8
  3545 | D:5      | Found Alaoll's Assorted Antiques.
  3692 | D:5      | Reached skill level 10 in Maces & Flails
  3703 | D:5      | Noticed Grinder
  3877 | D:6      | Found a staircase to the Ecumenical Temple.
  3960 | Temple   | Entered the Ecumenical Temple
  4132 | Temple   | Became a worshipper of Warmaster Okawaru
  4303 | D:6      | Noticed a +0 dagger
  4305 | D:6      | Noticed a +0 dagger
  4307 | D:6      | Found a hide-covered altar of Uskayaw.
  4312 | D:6      | Reached skill level 11 in Maces & Flails
  4338 | D:6      | Noticed Duvessa
  4348 | D:6      | Noticed Dowan
  4373 | D:6      | Killed Duvessa
  4374 | D:6      | Reached XP level 9. HP: 31/51 MP: 9/9
  4394 | D:6      | Killed Dowan
  4458 | D:6      | Found a broken altar of Ashenzari.
  4522 | D:6      | Found a burning altar of Makhleb.
  4523 | D:6      | Found a shimmering altar of Xom.
  4602 | D:6      | Found a runed translucent door.
  4603 | D:6      | Noticed Crazy Yiuf
  4815 | D:6      | Killed Crazy Yiuf
  4887 | D:5      | Found a shimmering blue altar of Sif Muna.
  4985 | D:5      | Killed Grinder
  4986 | D:5      | Reached skill level 12 in Maces & Flails
  5097 | D:5      | Reached * piety under Okawaru
  5285 | D:2      | Killed Sigmund
  5667 | D:7      | Reached skill level 1 in Invocations
  5769 | D:7      | Reached skill level 4 in Fighting
  5769 | D:7      | Reached skill level 4 in Shields
  5773 | D:7      | Reached skill level 2 in Invocations
  6395 | D:7      | Reached XP level 10. HP: 58/58 MP: 9/12
  6508 | D:7      | Found an ornate altar of the Wu Jian Council.
  6616 | D:7      | Reached ** piety under Okawaru
  6617 | D:7      | Reached skill level 3 in Invocations
  6646 | D:7      | Reached skill level 13 in Maces & Flails
  6901 | D:8      | Found a transporter.
  6901 | D:8      | Found a transporter.
  6903 | D:8      | Found a transporter.
  6903 | D:8      | Found a transporter.
  6931 | D:8      | Noticed Grum
  6952 | D:7      | Reached skill level 5 in Fighting
  6952 | D:7      | Reached skill level 5 in Shields
  7117 | D:8      | Killed Grum
  7197 | D:8      | Found a glowing golden altar of the Shining One.
  7432 | D:8      | Found a bloodstained altar of Trog.
  7528 | D:8      | Found a stormy altar of Qazlal.
  7572 | D:8      | Found a radiant altar of Vehumet.
  7921 | D:9      | Reached *** piety under Okawaru
  8046 | D:9      | Noticed a boulder beetle
  8212 | D:8      | Killed a boulder beetle
  8213 | D:8      | Reached skill level 6 in Fighting
  8213 | D:8      | Reached skill level 6 in Shields
  8447 | D:10     | Entered Level 10 of the Dungeon
  8646 | D:10     | Found a sparkling altar of Nemelex Xobeh.
  8707 | D:10     | Reached skill level 14 in Maces & Flails
  8732 | D:10     | Found Zin's Purification Station.
  8734 | D:10     | Found a glowing silver altar of Zin.
  8811 | D:10     | Reached **** piety under Okawaru
  8817 | D:10     | Noticed Nergalle
  8820 | D:10     | Noticed a spectral orc warlord
  8925 | D:11     | Reached skill level 7 in Shields
  8925 | D:11     | Reached XP level 11. HP: 65/66 MP: 13/13
  8963 | D:10     | Reached skill level 7 in Fighting
  9176 | D:11     | Noticed a white ugly thing
  9242 | D:11     | Killed a white ugly thing
  9419 | D:11     | Noticed an orc knight
  9449 | D:11     | Killed an orc knight
  9450 | D:11     | Reached skill level 8 in Fighting
  9450 | D:11     | Reached skill level 8 in Shields
  9455 | D:11     | Noticed an orc knight
  9485 | D:11     | Killed an orc knight
  9499 | D:11     | Found a staircase to the Orcish Mines.
  9592 | D:11     | Found Muts's Antique Armour Shop.
 10043 | D:11     | Found an ornate altar of the Wu Jian Council.
 10258 | D:10     | Reached skill level 9 in Shields
 10268 | D:10     | Found a staircase to the Lair.
 10317 | D:10     | Killed Nergalle
 10317 | D:10     | Reached ***** piety under Okawaru
 10318 | D:10     | Reached skill level 9 in Fighting
 10406 | D:10     | Found a white marble altar of Elyvilon.
 10688 | Lair:1   | Entered Level 1 of the Lair of Beasts
 10763 | Lair:1   | Found an ornate altar of the Wu Jian Council.
 10823 | Lair:1   | Received a gift from Okawaru
 10834 | Lair:1   | Reached skill level 4 in Armour
 11287 | Lair:1   | Identified a potion of experience
 11289 | Lair:1   | Reached skill level 10 in Fighting
 11289 | Lair:1   | Reached skill level 7 in Armour
 11289 | Lair:1   | Reached skill level 2 in Dodging
 11289 | Lair:1   | Reached skill level 10 in Shields
 11289 | Lair:1   | Reached skill level 4 in Invocations
 11289 | Lair:1   | Reached XP level 12. HP: 78/78 MP: 13/15
 11325 | Lair:2   | Noticed an eight-headed hydra
 11430 | Lair:1   | Killed an eight-headed hydra
 11431 | Lair:1   | Reached skill level 3 in Dodging
 11431 | Lair:1   | Reached skill level 5 in Invocations
 11431 | Lair:1   | Reached XP level 13. HP: 63/83 MP: 8/16
 11661 | Lair:2   | Reached skill level 4 in Dodging
 11732 | Lair:2   | Found a broken altar of Ashenzari.
 11756 | Lair:2   | You fall into a shaft and drop 1 floor!
 11834 | Lair:3   | Reached skill level 11 in Fighting
 11838 | Lair:3   | Reached skill level 6 in Invocations
 12219 | Lair:3   | Got the Verses on the Molten Figure
 12270 | Lair:3   | Reached skill level 5 in Dodging
 12354 | Lair:3   | Found a hole to the Spider Nest.
 12667 | Lair:3   | Identified the ring "Hathugoopt" {+Blink rC+ rN+ Str-2}
 13359 | Lair:2   | Reached skill level 1 in Evocations
 13538 | Lair:2   | Reached ****** piety under Okawaru
 13611 | Lair:2   | Found a staircase to the Swamp.
 13741 | Lair:2   | Identified the +1 double sword of Shrieking Terror {vorpal,
                  | rCorr} (Okawaru gifted it to you on level 2 of the Lair of
                  | Beasts)
 13741 | Lair:2   | Received a gift from Okawaru
 14102 | Lair:4   | Reached skill level 6 in Dodging
 14137 | Lair:4   | Reached skill level 7 in Invocations
 14297 | Lair:4   | Reached skill level 2 in Evocations
 15107 | Lair:4   | Found a blossoming altar of Fedhas.
 15210 | Lair:5   | Entered Level 5 of the Lair of Beasts
 15244 | Lair:4   | Reached skill level 3 in Evocations
 15247 | Lair:4   | Identified the +6 scale mail of a sewer {+Inv rF+ Dex-3
                  | Stlth+} (Okawaru gifted it to you on level 4 of the Lair of
                  | Beasts)
 15247 | Lair:4   | Received a gift from Okawaru
 15248 | Lair:4   | Reached skill level 7 in Dodging
 15303 | Lair:5   | Found a staircase to the Slime Pits.
 15341 | Lair:5   | Gained mutation: Your large and strong wings let you fly.
                  | [Gargoyle growth]
 15341 | Lair:5   | Reached XP level 14. HP: 91/91 MP: 17/19
 15347 | Lair:5   | Reached skill level 12 in Fighting
 15623 | Lair:5   | Reached skill level 8 in Invocations
 15758 | Lair:5   | Noticed a dire elephant
 15784 | Lair:5   | Killed a dire elephant
 15785 | Lair:5   | Reached skill level 4 in Evocations
 15868 | Lair:5   | Reached skill level 8 in Dodging
 16664 | Lair:5   | Received a gift from Okawaru
 16665 | Lair:5   | Reached skill level 9 in Invocations
 16821 | Lair:5   | Reached skill level 5 in Evocations
 16908 | Lair:5   | Found a runed translucent door.
 16963 | Lair:5   | Reached skill level 9 in Dodging
 17287 | Lair:5   | Reached skill level 13 in Fighting
 17691 | D:12     | Identified the +1 helmet "Dinouc" {Contam +Inv Will+ Int+8}
                  | (Okawaru gifted it to you on level 12 of the Dungeon)
 17691 | D:12     | Received a gift from Okawaru
 17883 | D:12     | Reached XP level 15. HP: 98/98 MP: 22/22
 17916 | D:12     | Identified a scarf of resistance
 18807 | D:13     | Reached skill level 10 in Invocations
 19149 | D:13     | Reached skill level 6 in Evocations
 19739 | D:14     | Reached skill level 10 in Dodging
 19980 | D:14     | Found a gate to the Vaults.
 20027 | D:14     | Found Kiadem's Antique Weapon Emporium.
 20663 | D:15     | Entered Level 15 of the Dungeon
 20715 | D:14     | Reached skill level 11 in Shields
 20783 | D:12     | Identified a potion of resistance
 20823 | Orc:1    | Entered Level 1 of the Orcish Mines
 21001 | D:11     | Reached skill level 8 in Armour
 21231 | Spider:1 | Entered Level 1 of the Spider Nest
 21545 | Spider:1 | Noticed an emperor scorpion
 21560 | Spider:1 | Killed an emperor scorpion
 21560 | Spider:1 | Identified the +0 pair of gloves of the Fiend {rC+++ Int-5}
                  | (Okawaru gifted it to you on level 1 of the Spider Nest)
 21560 | Spider:1 | Received a gift from Okawaru
 22233 | Spider:1 | Reached skill level 9 in Armour
 22625 | Spider:1 | Gained mutation: You are dopey. (Int -2) [mutagenic glow]
 22640 | Spider:1 | Gained mutation: Armour fits poorly on your strangely
                  | shaped body. [mutagenic glow]
 22768 | Spider:1 | Reached skill level 12 in Shields
 22780 | Spider:1 | Noticed an emperor scorpion
 22801 | Spider:1 | Killed an emperor scorpion
 23103 | Spider:1 | Reached skill level 14 in Fighting
 23639 | Spider:2 | Noticed an emperor scorpion
 23691 | Spider:1 | Killed an emperor scorpion
 23692 | Spider:1 | Reached XP level 16. HP: 87/98 MP: 23/23
 23711 | Spider:1 | Reached skill level 10 in Armour
 25295 | Spider:3 | Noticed Arachne
 25327 | Spider:3 | Reached skill level 13 in Shields
 25500 | Spider:3 | Killed Arachne
 25765 | Spider:3 | Identified the +3 helmet of Deagiukh {-Tele rF+ rC+ Will++}
                  | (Okawaru gifted it to you on level 3 of the Spider Nest)
 25765 | Spider:3 | Received a gift from Okawaru
 26271 | Spider:4 | Entered Level 4 of the Spider Nest
 27876 | Swamp:1  | Entered Level 1 of the Swamp
 27909 | Lair:2   | Lost mutation: Armour fits poorly on your strangely shaped
                  | body. [potion of mutation]
 27909 | Lair:2   | Lost mutation: You are dopey. (Int -2) [potion of mutation]
 27909 | Lair:2   | Gained mutation: You are robust. (+10% HP) [potion of
                  | mutation]
 27909 | Lair:2   | Gained mutation: You occasionally shout uncontrollably at
                  | your foes. [potion of mutation]
 27909 | Lair:2   | Gained mutation: You have large cloven feet. [potion of
                  | mutation]
 27936 | Swamp:1  | Reached skill level 14 in Shields
 27967 | Swamp:1  | Reached skill level 15 in Maces & Flails
 28952 | Swamp:1  | Found the +5 sword of Power {vorpal}
 29373 | Swamp:2  | HP: 8/117 [alligator (19)]
 29629 | Swamp:2  | Identified the +8 hand axe of Righteous Fury {venom, Contam
                  | Fly Str+3 Int+4} (Okawaru gifted it to you on level 2 of
                  | the Swamp)
 29629 | Swamp:2  | Received a gift from Okawaru
 29854 | Swamp:2  | Reached skill level 15 in Fighting
 30471 | Swamp:3  | Reached XP level 17. HP: 124/124 MP: 24/24
 31077 | Swamp:4  | Entered Level 4 of the Swamp
 31412 | Swamp:4  | Reached skill level 15 in Shields
 31444 | Swamp:4  | Identified the +8 plate armour of the Chupacabra {Stlth+}
                  | (Okawaru gifted it to you on level 4 of the Swamp)
 31444 | Swamp:4  | Received a gift from Okawaru
 32027 | Swamp:3  | Reached skill level 16 in Maces & Flails
 32935 | Swamp:4  | Reached skill level 7 in Evocations
 32947 | Swamp:4  | Reached skill level 11 in Armour
 32992 | Swamp:4  | Got a decaying rune of Zot
 33799 | Vaults:1 | Entered Level 1 of the Vaults
 34200 | Vaults:1 | Noticed Aizul
 34249 | Vaults:1 | Killed Aizul
 34519 | Vaults:1 | Received a gift from Okawaru
 35525 | Vaults:1 | Reached XP level 18. HP: 86/132 MP: 25/25
 35535 | Vaults:1 | Reached skill level 16 in Fighting
 35535 | Vaults:1 | Reached skill level 17 in Maces & Flails
 35847 | Vaults:1 | Found a transporter.
 35856 | Vaults:1 | Found the +1 cloak of Starlight {*Dazzle EV+4 Stlth--}
 35857 | Vaults:1 | Found a transporter.
 36529 | Vaults:1 | HP: 2/132 [war gargoyle/spray of metal splinters (38)]
 36562 | Vaults:1 | Reached skill level 8 in Evocations
 37027 | D:14     | Reached skill level 12 in Armour
 37056 | D:14     | Identified the +2 scale mail "Gussoak" {Rampage rCorr}
                  | (Okawaru gifted it to you on level 14 of the Dungeon)
 37056 | D:14     | Received a gift from Okawaru
 37891 | D:15     | Found a portal to a secret trove of treasure.
 38168 | D:15     | Found a staircase to the Depths.
 38188 | D:15     | Upgraded the game from 0.30-a0-297-g0ec75d9ef4 to
                  | 0.30-a0-304-gdc4b735fe1
 38195 | Depths:1 | Entered Level 1 of the Depths
 38348 | Depths:1 | HP: 12/134 [deep troll earth mage/Lee's Rapid
                  | Deconstruction (21)]
 38474 | Depths:1 | Found an opulent altar of Gozag.
 39099 | Depths:1 | Identified a scroll of acquirement
 39100 | Depths:1 | Acquired a +3 demon whip of electrocution
 39231 | Depths:1 | Found a one-way gateway to a ziggurat.
 39620 | Depths:1 | Identified the +6 quick blade of Plog {venom, rF+ Int+4
                  | Dex-5} (Okawaru gifted it to you on level 1 of the Depths)
 39620 | Depths:1 | Received a gift from Okawaru
 39621 | Depths:1 | Reached skill level 13 in Armour
 39904 | Depths:1 | Reached skill level 9 in Evocations
 39993 | Depths:1 | Reached XP level 19. HP: 131/139 MP: 26/26
 40012 | Depths:1 | Found Lolucvon's Fire Supplies.
 40023 | Depths:1 | Bought a +0 pair of gloves of fire resistance for 195 gold
                  | pieces
 40076 | Depths:1 | Found a one-way gate leading to the halls of Pandemonium.
 40574 | Depths:2 | Found a gateway to Hell.
 40665 | Depths:2 | Reached skill level 17 in Fighting
 41110 | Depths:1 | Reached skill level 11 in Dodging
 41711 | Spider:3 | Identified the +5 dire flail of Okawaru, Hurling {vorpal,
                  | rPois Str-3 Dex+3} (Okawaru gifted it to you on level 3 of
                  | the Spider Nest)
 41711 | Spider:3 | Received a gift from Okawaru
 43344 | Spider:4 | Reached skill level 14 in Armour
 43830 | Spider:4 | Identified a scarf of resistance
 43831 | Spider:4 | Identified a scarf of resistance
 43904 | Spider:4 | Got a gossamer rune of Zot
 44433 | Orc:1    | Lost mutation: You are robust. (+10% HP) [a neqoxec]
 44800 | Orc:2    | Entered Level 2 of the Orcish Mines
 44852 | Orc:2    | Found a staircase to the Elven Halls.
 44861 | Orc:2    | Identified a +2 robe of the Archmagi
 44861 | Orc:2    | Noticed Erolcha
 44880 | Orc:2    | Killed Erolcha
 45470 | Orc:2    | Identified the +0 pair of boots "Huewy" {rElec rC++ Will-
                  | Stlth+} (Okawaru gifted it to you on level 2 of the Orcish
                  | Mines)
 45470 | Orc:2    | Received a gift from Okawaru
 45645 | Orc:2    | Found Qunof's Magic Scroll Boutique.
 45645 | Orc:2    | Found Onecwy Ulae's Distillery.
 45645 | Orc:2    | Found Vuacum's Assorted Antiques.
 45650 | Orc:2    | Found Nissair's Distillery.
 45656 | Orc:2    | Bought a scroll of fear for 60 gold pieces
 45658 | Orc:2    | Bought a potion of heal wounds for 75 gold pieces
 45658 | Orc:2    | Bought a potion of cancellation for 120 gold pieces
 45658 | Orc:2    | Bought 2 potions of heal wounds for 150 gold pieces
 46357 | Elf:1    | Entered Level 1 of the Elven Halls
 46363 | Elf:1    | Noticed Donald
 46697 | Orc:2    | Killed Donald
 47079 | Elf:1    | Noticed Azrael
 47122 | Elf:1    | Killed Azrael
 47594 | Elf:1    | Found an ancient bone altar of Kikubaaqudgha.
 47616 | Elf:1    | Noticed Asterion
 47652 | Elf:1    | Killed Asterion
 48412 | Elf:2    | Reached XP level 20. HP: 135/136 MP: 28/28
 48747 | Elf:2    | Reached skill level 18 in Fighting
 48750 | Elf:2    | Reached skill level 11 in Invocations
 48753 | Elf:2    | Found a runed translucent gate.
 48753 | Elf:2    | Found a runed translucent gate.
 48754 | Elf:2    | Found a runed translucent gate.
 48893 | Elf:2    | Reached skill level 12 in Dodging
 49060 | Elf:3    | Entered Level 3 of the Elven Halls
 49507 | Elf:3    | Found Waf Qui's Neck Hole.
 49553 | Elf:3    | Found Mueroic's Assorted Antiques.
 49697 | Elf:3    | Noticed a Tzitzimitl
 49753 | Elf:3    | Reached skill level 15 in Armour
 49755 | Elf:3    | Noticed a Brimstone Fiend
 50021 | Elf:3    | Identified Roxanne's Textbook on Shaping
 50021 | Elf:3    | Noticed Roxanne
 50229 | Elf:3    | Identified the ring of Sovereignty {rCorr Int+6 Stlth+}
 50311 | Elf:3    | Identified the amulet of Fexoepri {Reflect rElec rF- rC+
                  | Will++ SH+5}
 50352 | Elf:3    | Identified the +0 robe of the Comet {rPois} (Okawaru gifted
                  | it to you on level 3 of the Elven Halls)
 50352 | Elf:3    | Received a gift from Okawaru
 50583 | Elf:3    | Reached skill level 16 in Shields
 50645 | Elf:3    | HP: 9/134 [deep elf master archer/arrow (27)]
 50645 | Elf:3    | HP: 2/134 [deep elf master archer/arrow (7)]
 50645 | Elf:3    | Killed from afar by a deep elf annihilator

Vanquished Creatures
  Arachne (Spider:3)
  A deep elf blademaster (Elf:3)
  Asterion (Elf:1)
  2 sphinxes
  2 thorn hunters
  Donald (Orc:2)
  2 fire giants (Depths:1)
  9 emperor scorpions
  4 frost giants
  A balrug (Depths:1)
  4 deep elf sorcerers (Elf:3)
  A vault warden (Vaults:1)
  7 deep elf elementalists (Elf:3)
  Aizul (Vaults:1)
  4 ghost moths
  3 ironbound preservers
  A spriggan defender (Depths:2)
  2 broodmothers
  4 stone giants
  A war gargoyle (Vaults:1)
  5 very ugly things
  4 deep elf annihilators (Elf:3)
  5 eleionomae
  2 deep elf demonologists (Elf:3)
  6 bunyips
  3 spark wasps
  4 dire elephants
  Azrael (Elf:1)
  A deep elf death mage (Elf:3)
  3 ettins (Depths:1)
  3 yaktaur captains
  4 deep elf high priests (Elf:3)
  3 fire dragons
  3 entropy weavers
  2 great orbs of eyes
  A shambling mangrove (Swamp:4)
  A vault guard (Vaults:1)
  Erolcha (Orc:2)
  22 hydras
  6 ice dragons
  2 ghost crabs
  3 jorogumos
  5 spriggan air magi
  An ironbound frostheart (Vaults:1)
  3 radroaches
  2 two-headed ogres
  3 centaur warriors
  3 boulder beetles
  3 deep troll shamans
  2 tengu warriors
  7 alligators
  A death yak (Lair:4)
  5 deep troll earth magi (Depths:1)
  8 dancing weapons
  6 orc high priests
  A spriggan berserker (Depths:1)
  5 sun demons (Depths:1)
  7 deep elf knights
  Nergalle (D:10)
  A goliath frog (Swamp:2)
  2 soul eaters (Depths:1)
  5 skeletal warriors (D:14)
  4 steelbarb worms
  4 pharaoh ants
  An iron troll (D:15)
  A sun moth (Spider:3)
  2 glowing orange brains
  9 bog bodies
  3 ironbound convokers (Vaults:1)
  14 deep trolls
  9 swamp dragons
  8 orb spiders
  3 orc knights (D:11)
  A wizard (Depths:1)
  2 lindwurms
  25 deep elf pyromancers
  3 harpies (Vaults:1)
  5 deep elf archers
  A phantasmal warrior (Vaults:1)
  19 deep elf zephyrmancers
  2 necromancers
  29 ugly things
  15 wolf spiders
  4 cyclopes
  5 orc sorcerers
  2 will-o-the-wisps (Swamp:2)
  3 manticores (D:15)
  A moth of wrath (Spider:3)
  3 vault sentinels
  2 black mambas
  18 elephants
  5 cane toads
  2 smoke demons (Depths:1)
  10 torpor snails
  A gargoyle (D:12)
  12 demonic crawlers
  9 yaktaurs
  3 rime drakes
  An efreet (D:13)
  8 komodo dragons
  3 kobold demonologists (D:12)
  A tengu conjurer (Depths:1)
  5 trolls
  6 meliai (D:15)
  13 tyrant leeches
  10 polar bears
  14 hornets
  10 blink frogs
  A blink frog (shapeshifter) (Spider:1)
  Grinder (D:5)
  19 tarantellas
  14 slime creatures
  3 raiju (Lair:5)
  22 jumping spiders
  6 dream sheep
  A dream sheep (shapeshifter) (D:15)
  Sigmund (D:2)
  An air elemental (Elf:1)
  6 spriggans
  2 shadows
  13 culicivoras
  5 water elementals
  A hog (shapeshifter) (D:13)
  2 centaur simulacra
  39 yaks
  A wraith (D:11)
  4 wyverns
  10 fire elementals
  Grum (D:8)
  17 vampire mosquitoes
  42 redbacks
  8 basilisks
  17 swamp worms
  An acid dragon (D:8)
  6 wargs
  16 water moccasins
  18 hell hounds
  6 swamp drakes
  Duvessa (D:6)
  5 ice beasts
  28 orc warriors
  A sky beast (D:7)
  34 wolves
  15 black bears
  3 ogres
  7 centaurs
  A phantom (D:6)
  A kobold brigand (D:11)
  3 earth elementals
  9 bullfrogs
  3 gnoll sergeants
  A necrophage (D:7)
  2 scorpions
  6 wights
  Dowan (D:6)
  A vampire bat (D:4)
  6 howler monkeys
  5 electric eels
  A crimson imp (D:6)
  6 hounds
  A jelly (D:3)
  35 orc priests
  Crazy Yiuf (D:6)
  Jessica (D:2)
  3 iguanas
  21 orc wizards
  5 adders
  10 gnolls
  An ufetubus (D:6)
  3 dart slugs
  3 fire bats (D:4)
  94 orcs
  2 spectral bats (D:4)
  13 bats
  3 bat skeletons
  A bat zombie (D:4)
  3 endoplasms
  4 giant cockroaches
  3 goblins
  10 hobgoblins
  2 jackals (D:4)
  4 quokkas
  4 ball pythons
  A bat simulacrum (D:4)
  3 frilled lizards (D:1)
  13 kobolds
  A rat (D:1)
1188 creatures vanquished.

Vanquished Creatures (others)
  A deep elf zephyrmancer (Elf:3)
  A will-o-the-wisp (Swamp:4)
  2 bloated husks (Swamp:1)
  11 bushes
  27 foxfires
  13 fungi
  63 plants
118 creatures vanquished.

Grand Total: 1306 creatures vanquished

Table legend: (Time is in decaauts)
 A = Elapsed time spent in this place.
 B = Non-inter-level travel time spent in this place.
 C = Inter-level travel time spent in this place.
 D = Time resting spent in this place.
 E = Time spent auto-exploring this place.
 F = Levels seen in this place.
 G = Mean time per level.
                   A        B        C        D        E       F      G
               +--------+--------+--------+--------+--------+-----+--------+
         Total |  48973 |  45951 |   3022 |   9255 |  19641 |  38 | 1288.8 |
       Dungeon |  16401 |  15233 |   1168 |   1989 |   9003 |  15 | 1093.4 |
        Temple |    183 |    173 |     10 |      0 |     67 |   1 |  183.0 |
          Lair |   7486 |   6775 |    711 |    601 |   3896 |   5 | 1497.2 |
         Swamp |   5248 |   5050 |    198 |   1552 |   1282 |   4 | 1312.0 |
   Spider Nest |   8579 |   8128 |    451 |   2864 |   1420 |   4 | 2144.8 |
  Orcish Mines |   2227 |   2060 |    167 |    545 |    837 |   2 | 1113.5 |
   Elven Halls |   3648 |   3558 |     90 |    666 |   1601 |   3 | 1216.0 |
        Vaults |   2718 |   2541 |    177 |    496 |    919 |   2 | 1359.0 |
        Depths |   2478 |   2430 |     48 |    541 |    616 |   2 | 1239.0 |
               +--------+--------+--------+--------+--------+-----+--------+

Top non-repeatable levels by time:
Spider:3: 2986 daAuts
Vaults:1: 2450 daAuts
Spider:1: 2340 daAuts
  Lair:5: 2263 daAuts
Spider:4: 2139 daAuts
Depths:1: 2068 daAuts
    D:11: 1875 daAuts
   Orc:2: 1703 daAuts
 Swamp:4: 1669 daAuts
  Lair:3: 1651 daAuts
    D:15: 1572 daAuts
  Lair:2: 1564 daAuts
    D:14: 1512 daAuts
   Elf:1: 1486 daAuts
   Elf:3: 1470 daAuts

Table legend:
 A = Non-vault XP
 B = Vault XP
 C = Vault XP percentage of total XP
 D = Non-vault monster count
 E = Vault monster count
 F = Vault count percentage of total count
                 A         B        C        D         E       F
            +---------+---------+-------+---------+---------+-------
      Total |  285376 |  144711 |  33.6 |     830 |     360 |  30.3
            +---------+---------+-------+---------+---------+-------
        D:1 |      30 |       0 |   0.0 |      17 |       0 |   0.0
        D:2 |      26 |     263 |  91.0 |       7 |       2 |  22.2
        D:3 |      80 |       0 |   0.0 |      13 |       0 |   0.0
        D:4 |     584 |     389 |  40.0 |      19 |      28 |  59.6
        D:5 |     907 |     277 |  23.4 |      17 |       1 |   5.6
        D:6 |     560 |     295 |  34.5 |      18 |       5 |  21.7
        D:7 |    1687 |     354 |  17.3 |      23 |       3 |  11.5
        D:8 |    1550 |     193 |  11.1 |      15 |       1 |   6.2
        D:9 |    1014 |       0 |   0.0 |       6 |       0 |   0.0
       D:10 |    1175 |    2051 |  63.6 |      11 |       9 |  45.0
       D:11 |    6488 |    1399 |  17.7 |      48 |      22 |  31.4
       D:12 |    6154 |       0 |   0.0 |      26 |       0 |   0.0
       D:13 |    7416 |    1126 |  13.2 |      15 |       2 |  11.8
       D:14 |   13832 |     592 |   4.1 |      22 |       1 |   4.3
       D:15 |   18704 |    1705 |   8.4 |      32 |       2 |   5.9
     Lair:1 |    1656 |    1251 |  43.0 |       8 |       2 |  20.0
     Lair:2 |    7037 |    1076 |  13.3 |      29 |       4 |  12.1
     Lair:3 |    5707 |       0 |   0.0 |      23 |       0 |   0.0
     Lair:4 |    9826 |    1060 |   9.7 |      34 |       2 |   5.6
     Lair:5 |   12937 |   16721 |  56.4 |      37 |      73 |  66.4
    Swamp:1 |    7426 |     848 |  10.2 |      20 |       1 |   4.8
    Swamp:2 |    8923 |       0 |   0.0 |      15 |       0 |   0.0
    Swamp:3 |   11281 |    6190 |  35.4 |      20 |       8 |  28.6
    Swamp:4 |    8961 |   11539 |  56.3 |      18 |      17 |  48.6
   Spider:1 |   21363 |    1111 |   4.9 |      50 |       2 |   3.8
   Spider:2 |    6027 |       0 |   0.0 |      16 |       0 |   0.0
   Spider:3 |   21374 |   10218 |  32.3 |      55 |      14 |  20.3
   Spider:4 |    4421 |   13441 |  75.2 |      13 |      26 |  66.7
      Orc:1 |    2043 |     140 |   6.4 |      16 |       7 |  30.4
      Orc:2 |    3309 |    8377 |  71.7 |      40 |      45 |  52.9
      Elf:1 |   15621 |    5678 |  26.7 |      30 |      13 |  30.2
      Elf:2 |   11977 |    1649 |  12.1 |      20 |       2 |   9.1
      Elf:3 |   11854 |   22083 |  65.1 |      18 |      23 |  56.1
   Vaults:1 |   16509 |   17802 |  51.9 |      28 |      24 |  46.2
   Vaults:2 |    4020 |       0 |   0.0 |       7 |       0 |   0.0
   Depths:1 |   28710 |   15781 |  35.5 |      40 |      20 |  33.3
   Depths:2 |    4187 |    1102 |  20.8 |       4 |       1 |  20.0
            +---------+---------+-------+---------+---------+-------
